[Event "Israel National League 2024"]
[Site "Israel"]
[Date "2024.01.19"]
[Round "3.14"]
[White "Dvoirys, Semen I."]
[Black "Zanan, Evgeny"]
[Result "1-0"]
[ECO "C70"]
[WhiteElo "2466"]
[BlackElo "2487"]
[Annotator "TA"]
[PlyCount "141"]
[EventDate "2024.01.07"]
[EventType "team-tourn"]
[EventCountry "ISR"]
[SourceTitle "playchess.com"]
[Source "ChessBase"]
[SourceQuality "1"]
[TimeControl "40/5400+30:1800+30"]

1. e4 e5 2. Nf3 Nc6 3. Bb5 a6 4. Ba4 Bc5 5. c3 Nge7 6. d4 {[%emt 0:01:44] C70: Ruy Lopez: 3...a6 4 Ba4, Norwegian and Delayed Schliemann.} exd4 7. cxd4 Bb4+ 8. Nc3 {[%emt 0:05:22] White is slightly better.} d5 9. O-O dxe4 10. Nxe4 O-O 11. a3 Bd6 12. h3 Bf5 13. Re1 Bg6 14. Bg5 {[%emt 0:13:07] Bxc6 is the strong threat.} f6 {[%emt 0:04:45] [#]} 15. d5 $146 ({Predecessor:} 15. Nxd6 Qxd6 16. Bh4 Bf7 17. Bg3 Qd7 18. Rc1 Rad8 19. b4 Nf5 20. Bf4 Kh8 21. Qd3 {1-0 Kiolbasa,O (2376)-Vaishali,R (2442) Olympiad Women-44 2022 (9.3)}) 15... Bxe4 16. Rxe4 fxg5 17. dxc6 Nxc6 18. Qd5+ Kh8 {[%emt 0:00:09][%cal Od6h2] Black is weak on the light squares} 19. Bxc6 (19. Nxg5 $2 Bh2+ 20. Kxh2 Qxd5 $19) (19. Qxg5 {simplifies} Qxg5 20. Nxg5 Ne5 21. Bb3) 19... bxc6 20. Qxc6 (20. Qxg5 {simplifies} Qxg5 21. Nxg5 Rab8 22. b4) 20... Qf6 {[%emt 0:04:04][%cal Od6h2] Against Re6. Strongly threatening ...Bh2+!} 21. Qc2 Rab8 22. Re2 Rb5 23. Rae1 h6 24. b4 a5 25. Re6 (25. bxa5 {simplifies} Rxa5 26. a4 Qf5 27. Re4) 25... Qf5 26. Qb2 {[%emt 0:12:25] And now Nd4 would win.} axb4 27. axb4 Kh7 {[%emt 0:04:08] [#]} 28. Rxd6 $1 cxd6 29. Nd4 $1 $40 {[%emt 0:00:07][%csl LRb5,LRf5][%mdl 128] White mounts an attack.} Qd3 (29... Re5 $1 $11 {remains equal.} 30. Nxf5 Rxe1+ 31. Kh2 Rxf5) 30. Nxb5 $16 Qxb5 {[%emt 0:00:02][%mdl 4096] Endgame KQR-KQR} 31. Re7 {[%emt 0:00:20][%csl Ge7][%cal Rb2g7] Inhibits Rf7.} Rg8 32. Qd4 d5 33. Rc7 {[%emt 0:02:22] White is much more active.} Qe2 (33... Qe8 $16 {might work better.} 34. Rc5 (34. Qxd5 Qe1+ 35. Kh2 Qxb4 $11) 34... Qe4 35. Rxd5 (35. Qxd5 Qxb4 36. Qd3+ Kh8 $11) 35... Qxd4 36. Rxd4 Kg6) 34. Rd7 $1 $18 ({Stronger than} 34. Qxd5 Qe1+ 35. Kh2 Qxb4 36. Qf5+ Kh8 $11) 34... Qc4 35. Rxd5 ({Reject} 35. Qxd5 $6 Qxb4 36. Qf5+ Kh8 $11) 35... Qxd4 (35... Rc8 $16 36. Qxc4 Rxc4) 36. Rxd4 $16 {[%emt 0:00:01] KR-KR} Rc8 37. Rd1 {[%emt 0:01:12] Against Rc1} Rb8 38. Rb1 Kg6 39. b5 Rb6 40. g4 Kf6 41. Kg2 Ke5 42. Kg3 Ke4 43. Rb3 Kd4 44. h4 gxh4+ (44... Kc4 45. Rb2 $16) 45. Kxh4 Ke4 46. Kg3 {[%emt 0:00:00] Black must now prevent f4.} g5 47. f3+ Kd4 $2 {[%emt 0:00:00] [#] A mistake that costs the game.} (47... Kd5 $16) 48. f4 $1 $18 Kc4 49. Rb1 (49. Rb2 Kc3 50. Rb1) 49... gxf4+ $2 (49... Kd5 50. f5 Ke5) 50. Kxf4 {[%emt 0:00:00] Intending Rc1+ and mate.} Kd3 51. Rd1+ (51. Rb3+ $142 Kc4 52. Rb1) 51... Kc4 52. Rc1+ {[%emt 0:00:00] White mates.} Kd5 {[%emt 0:01:37] [#]} 53. Rc6 $1 Rxb5 (53... Rb8 54. Rxh6) 54. Rxh6 Rb1 55. g5 Rf1+ 56. Kg4 Ke5 57. Ra6 Rh1 58. g6 ({Not} 58. Ra5+ Ke6 $11) 58... Rg1+ 59. Kh5 Kf5 60. Kh6 Rb1 61. Ra8 Kf6 62. Rf8+ Ke7 63. g7 Rh1+ 64. Kg6 Rg1+ 65. Kh7 Rh1+ {[%emt 0:00:03] [#]} 66. Kg8 $1 Rg1 67. Rf4 Rg2 68. Rf1 Rh2 69. Re1+ Kd6 70. Re4 Kd5 71. Re7 {[%emt 0:00:39] Weighted Error Value: White=0.17 (very precise) /Black=0.31} 1-0

[Event "Israel National League 2024"]
[Site "Israel"]
[Date "2024.01.19"]
[Round "3.15"]
[White "Bronstein, Or"]
[Black "Kargin, Arseny"]
[Result "1-0"]
[ECO "D17"]
[WhiteElo "2441"]
[BlackElo "2377"]
[Annotator "RC"]
[PlyCount "103"]
[EventDate "2024.01.07"]
[EventType "team-tourn"]
[EventCountry "ISR"]
[SourceTitle "playchess.com"]
[Source "ChessBase"]
[SourceQuality "1"]
[TimeControl "40/5400+30:1800+30"]

1. d4 d5 2. c4 c6 3. Nf3 Nf6 4. Nc3 dxc4 5. a4 Bf5 6. Ne5 Nbd7 7. Nxc4 Nb6 8. Ne5 a5 9. h4 e6 10. f3 h6 11. e4 Bh7 12. Be3 Nfd7 13. Nd3 Bd6 14. Rh3 O-O 15. g4 Nc4 16. Bf2 Qe7 17. g5 h5 18. b3 Ncb6 19. Rc1 Rad8 20. f4 Ba3 21. Rc2 c5 22. Bg2 cxd4 23. Nb5 Rc8 24. Bxd4 e5 25. fxe5 Rxc2 26. Qxc2 Rc8 27. Qd2 Nc5 28. Nxa3 Nxb3 29. Qb2 Nxd4 30. Qxd4 Qxa3 31. Qxb6 Qa1+ 32. Kd2 Qxa4 33. Qb2 Bxe4 34. Bxe4 Qxe4 35. Re3 Qxh4 36. g6 fxg6 37. e6 Qg5 38. Qxb7 Rf8 39. e7 Re8 40. Qb3+ Kh7 41. Qf7 Qg2+ 42. Re2 Qc6 43. Re6 Qg2+ 44. Ke3 Qg1+ 45. Ke4 Qh1+ 46. Kd4 Qg1+ 47. Kd5 Qg2+ 48. Kd6 Qa8 49. Nc5 Qb8+ 50. Kd5 Qa8+ 51. Kd4 Qb8 52. Nb7 1-0

[Event "Israel National League 2024"]
[Site "Israel"]
[Date "2024.01.19"]
[Round "3.16"]
[White "Klenburg, Michael"]
[Black "Oratovsky, Michael"]
[Result "1/2-1/2"]
[ECO "E67"]
[WhiteElo "2331"]
[BlackElo "2412"]
[Annotator "RC"]
[PlyCount "95"]
[EventDate "2024.01.07"]
[EventType "team-tourn"]
[EventCountry "ISR"]
[SourceTitle "playchess.com"]
[Source "ChessBase"]
[SourceQuality "1"]
[TimeControl "40/5400+30:1800+30"]

1. d4 Nf6 2. Nf3 d6 3. c4 g6 4. Nc3 Nbd7 5. g3 Bg7 6. Bg2 O-O 7. O-O e5 8. e3 c6 9. b3 Re8 10. Bb2 e4 11. Nd2 d5 12. cxd5 cxd5 13. f3 Nb6 14. a4 exf3 15. Qxf3 Bg4 16. Qf2 Bf5 17. h3 Qd7 18. Kh2 Bd3 19. Rfe1 a5 20. Nf3 Ne4 21. Nxe4 Bxe4 22. Ne5 Qe6 23. Bf1 Rec8 24. Nd3 Nd7 25. Rac1 Qb6 26. Rxc8+ Rxc8 27. Rc1 Rxc1 28. Nxc1 Qc7 29. Nd3 h5 30. Kg1 Bh6 31. Nf4 Nf6 32. Qe1 Bc2 33. Qc1 g5 34. Bd3 gxf4 35. gxf4 Qd7 36. Qxc2 Qxh3 37. Qg2+ Qxg2+ 38. Kxg2 Bf8 39. Bc3 b6 40. Be1 Bb4 41. Bh4 Kg7 42. Kf3 Be7 43. Bb5 Ng8 44. Bg3 Bd6 45. Bc6 Ne7 46. Bb7 Kf6 47. Bh4+ Ke6 48. Bxe7 1/2-1/2

[Event "Israel National League 2024"]
[Site "Israel"]
[Date "2024.01.19"]
[Round "3.17"]
[White "Veinberg, Nimrod"]
[Black "Pasman, Michael"]
[Result "1-0"]
[ECO "E73"]
[WhiteElo "2411"]
[BlackElo "2341"]
[Annotator "RC"]
[PlyCount "158"]
[EventDate "2024.01.07"]
[EventType "team-tourn"]
[EventCountry "ISR"]
[SourceTitle "playchess.com"]
[Source "ChessBase"]
[SourceQuality "1"]
[TimeControl "40/5400+30:1800+30"]

1. d4 Nf6 2. c4 g6 3. Nc3 Bg7 4. e4 d6 5. Be2 O-O 6. h4 c5 7. d5 b5 8. cxb5 a6 9. a4 axb5 10. Bxb5 e6 11. dxe6 Bxe6 12. Nge2 Na6 13. Nf4 Nb4 14. h5 d5 15. hxg6 hxg6 16. exd5 Bf5 17. O-O Nc2 18. Rb1 Nb4 19. Be3 Bxb1 20. Nxb1 Nfxd5 21. Nxd5 Qxd5 22. Qxd5 Nxd5 23. Bxc5 Rfc8 24. Ba3 Bf8 25. Rd1 Nb6 26. Bxf8 Kxf8 27. Nc3 Nc4 28. b3 Na5 29. Nd5 Nxb3 30. Nb6 Rd8 31. Rb1 Nd2 32. Rb4 Ra7 33. f3 Rb8 34. Nd5 Rd8 35. Ne3 Ke7 36. Kf2 Rc7 37. a5 Rc1 38. a6 Ra1 39. Ba4 Ra2 40. Kg3 Ra8 41. Nd5+ Kd6 42. Nc3 Ra3 43. Rd4+ Kc5 44. Rxd2 Rxc3 45. Rc2 Rxc2 46. Bxc2 Rxa6 47. Kf4 Kd4 48. Kg5 Rb6 49. g4 Ke3 50. f4 f6+ 51. Kxg6 Kxf4 52. Bf5 Rd6 53. Kf7 Kg5 54. Ke7 Ra6 55. Kd7 Ra2 56. Ke7 Ra5 57. Bc8 Ra7+ 58. Kd6 Ra8 59. Be6 Ra7 60. Bf5 Ra5 61. Be6 Ra4 62. Ke7 Re4 63. Kf7 Rb4 64. Ke7 Rb7+ 65. Kd6 Ra7 66. Bc8 Rg7 67. Bf5 Rb7 68. Be6 Kf4 69. Bc8 Rb6+ 70. Ke7 Ke5 71. Kf7 Rc6 72. Bf5 Rd6 73. Ke7 Ra6 74. Kf7 Kf4 75. Kg6 Rb6 76. Kh6 Rb5 77. Bd3 Rg5 78. Bg6 Rxg4 79. Bd3 f5 1-0

[Event "Israel National League 2024"]
[Site "Israel"]
[Date "2024.01.19"]
[Round "3.18"]
[White "Shvayger, Yuliya"]
[Black "Kaspi, Alexander"]
[Result "1/2-1/2"]
[ECO "B91"]
[WhiteElo "2350"]
[BlackElo "2375"]
[Annotator "RC"]
[PlyCount "218"]
[EventDate "2024.01.07"]
[EventType "team-tourn"]
[EventCountry "ISR"]
[SourceTitle "playchess.com"]
[Source "ChessBase"]
[SourceQuality "1"]
[TimeControl "40/5400+30:1800+30"]

1. e4 c5 2. Nf3 d6 3. d4 cxd4 4. Nxd4 Nf6 5. Nc3 a6 6. g3 e5 7. Nb3 Be6 8. Bg2 Nbd7 9. a4 Be7 10. O-O O-O 11. Re1 Rc8 12. Nd2 Rxc3 13. bxc3 Qc7 14. Nb3 Qxc3 15. Bd2 Qc7 16. Bb4 Rd8 17. Rc1 Nb8 18. c4 Nc6 19. Bd2 Nd7 20. a5 Nc5 21. Bf1 Bg4 22. Qxg4 Nxb3 23. Bh6 Bf8 24. Rb1 Ncxa5 25. Be3 Nd4 26. Bxd4 exd4 27. Qd1 Qc5 28. Qa4 Rb8 29. Bd3 g6 30. f4 Nc6 31. Re2 Be7 32. Reb2 Qa5 33. Qxa5 Nxa5 34. Rb6 Rc8 35. Ra1 Rc5 36. Bf1 Kf8 37. Rd1 Rc6 38. Rxc6 Nxc6 39. Rb1 Na5 40. Kf2 Ke8 41. Ke2 Kd8 42. Kd3 Bf6 43. Bg2 Kc7 44. e5 dxe5 45. Bd5 exf4 46. gxf4 b6 47. c5 bxc5 48. Ra1 c4+ 49. Bxc4 Nb7 50. Bxf7 a5 51. Bd5 Nc5+ 52. Kc4 Nd7 53. Rxa5 Nb6+ 54. Kd3 Nxd5 55. Rxd5 h6 56. Ke4 Kc6 57. h3 Kc7 58. Ra5 Kd6 59. Ra3 Ke6 60. Rg3 Kf7 61. Kd5 Bh4 62. Ra3 Bf2 63. Ke5 Be3 64. Ra7+ Ke8 65. Ke6 Kd8 66. Rd7+ Ke8 67. Rg7 Kd8 68. Ke5 d3 69. Rxg6 Kc7 70. Ra6 Bc1 71. Ra5 Kc6 72. f5 d2 73. Rd5 Bb2+ 74. Ke6 Bc3 75. Rd8 Kc5 76. f6 Bd4 77. f7 d1=Q 78. f8=Q+ Kc4 79. Rc8+ Kd3 80. Qf5+ Ke3 81. Rc2 Qg1 82. Qg4 Qf1 83. Qg3+ Qf3 84. Qe1+ Kd3 85. Rd2+ Kc4 86. Qe2+ Qxe2+ 87. Rxe2 Kd3 88. Re1 Bc3 89. Rf1 Ke4 90. h4 Bd4 91. h5 Bc3 92. Kf7 Bd2 93. Kg6 Bg5 94. Rf8 Bc1 95. Re8+ Kd5 96. Kf7 Bg5 97. Re6 Bf4 98. Kf6 Bc1 99. Re1 Bg5+ 100. Kf7 Kd6 101. Ra1 Bf4 102. Ra6+ Ke5 103. Kg7 Bd2 104. Ra2 Bf4 105. Rf2 Bg5 106. Ra2 Bf4 107. Ra6 Bd2 108. Rxh6 Bxh6+ 109. Kxh6 Kf6 1/2-1/2

[Event "Israel National League 2024"]
[Site "Israel"]
[Date "2024.01.19"]
[Round "3.19"]
[White "Emanuel, Yahav"]
[Black "Levin, Guy"]
[Result "1/2-1/2"]
[ECO "B14"]
[WhiteElo "2333"]
[BlackElo "2435"]
[Annotator "RC"]
[PlyCount "103"]
[EventDate "2024.01.07"]
[EventType "team-tourn"]
[EventCountry "ISR"]
[SourceTitle "playchess.com"]
[Source "ChessBase"]
[SourceQuality "1"]
[TimeControl "40/5400+30:1800+30"]

1. e4 c6 2. d4 d5 3. exd5 cxd5 4. c4 Nf6 5. Nc3 e6 6. c5 b6 7. b4 Bd7 8. Nf3 bxc5 9. bxc5 Nc6 10. Rb1 Ne4 11. Nxe4 dxe4 12. Ng5 Qa5+ 13. Bd2 Qxa2 14. Nxe4 Nxd4 15. Bd3 Qd5 16. O-O Bc6 17. Re1 Be7 18. Qg4 O-O 19. Bc3 Rad8 20. Nd6 f5 21. Qg3 Qxc5 22. Bxd4 Qxd4 23. Nxf5 exf5 24. Rxe7 Be4 25. Bc4+ Kh8 26. Re1 a5 27. h4 Rd7 28. Qe5 Qxe5 29. Rxe5 Rd4 30. f3 Rxc4 31. fxe4 fxe4 32. Rxa5 h6 33. Re5 Rf4 34. Re8+ Kh7 35. h5 Rg4 36. Re2 Rh4 37. Kf2 Rxh5 38. R8xe4 Rc3 39. R4e3 Rf5+ 40. Kg1 Rcc5 41. Re6 h5 42. Kh2 g6 43. R6e4 Rg5 44. Re8 Rgd5 45. R2e7+ Kh6 46. Re6 Rd4 47. Re4 Rdd5 48. R4e6 Rc2 49. Re2 Rc3 50. R2e3 Rc4 51. R3e4 Rcc5 52. R4e6 1/2-1/2

[Event "Israel National League 2024"]
[Site "Israel"]
[Date "2024.01.19"]
[Round "3.20"]
[White "Gorodetzky, David"]
[Black "Tifferet, Shakked"]
[Result "1-0"]
[ECO "C67"]
[WhiteElo "2486"]
[BlackElo "2334"]
[Annotator "TA"]
[PlyCount "65"]
[EventDate "2024.01.07"]
[EventType "team-tourn"]
[EventCountry "ISR"]
[SourceTitle "playchess.com"]
[Source "ChessBase"]
[SourceQuality "1"]
[TimeControl "40/5400+30:1800+30"]

1. e4 e5 2. Nf3 Nc6 3. Bb5 Nf6 4. O-O Nxe4 5. Re1 Nd6 6. Nxe5 Nxe5 7. Rxe5+ Be7 8. Bf1 O-O 9. Nc3 {[%emt 0:00:40] C67: Ruy Lopez: Berlin Defence: 4 0-0 Nxe4.} Bf6 10. Re1 c6 11. d4 {[%emt 0:07:08][%cal Bd2d4,Bd4d5][%mdl 32] White is slightly better.} Re8 12. Bf4 Rxe1 13. Qxe1 Ne8 14. d5 d6 15. Bd3 Bd7 {[%emt 0:17:05] [#]} 16. Rd1 $146 ({Predecessor:} 16. h3 Qb6 17. Rb1 Qa5 18. Qe4 g6 19. Qf3 Bg7 20. b4 Qd8 21. Bc4 Rc8 22. dxc6 Bxc6 {½-½ Adhiban,B (2683)-Jumabayev,R (2609) WchT 12th Astana 2019 (6.5)}) 16... Bg4 {[%emt 0:26:32] aiming for ...Bxc3.} 17. f3 Bh5 18. dxc6 bxc6 19. Qe4 Bg6 20. Qxc6 Rc8 {[%emt 0:06:48] Black is weak on the light squares} 21. Qa6 {[%emt 0:01:01] White has more active pieces.} Rb8 22. Qxa7 Rxb2 {[%emt 0:01:05] [#]} (22... Bxd3 $142 23. cxd3 (23. Rxd3 Rxb2 24. Nd5 Rxc2 $14) 23... Rxb2) 23. Ne4 $1 $16 Be7 {[%emt 0:02:39] [#]} 24. Re1 (24. a4 $142 $1) 24... d5 {[%emt 0:01:08] [#]} 25. Ng5 Bxg5 26. Bxg5 f6 (26... Nf6 $16) 27. Bf4 $18 Bxd3 28. cxd3 h5 (28... h6 $142 29. Qe3 Nd6) 29. h4 $40 {[%emt 0:02:06][%mdl 128] Threatens to win with a4. White has strong attack.} Rb4 (29... g6 30. Bh6 Nc7) 30. Bg3 Kh7 $2 (30... Rb2 $18 31. a4 Ra2) 31. Qf7 {[%emt 0:00:14][%csl LRe8,LRh5] White mates.} Qb6+ 32. Bf2 Nd6 33. Qxh5+ {[%emt 0:00:08] Weighted Error Value: White=0.05 (flawless) /Black=0.48} 1-0

[Event "Israel National League 2024"]
[Site "Israel"]
[Date "2024.01.19"]
[Round "3.21"]
[White "Lev, Ronen"]
[Black "Grinberg, Eyal"]
[Result "1/2-1/2"]
[ECO "D35"]
[WhiteElo "2341"]
[BlackElo "2471"]
[Annotator "TA"]
[PlyCount "102"]
[EventDate "2024.01.07"]
[EventType "team-tourn"]
[EventCountry "ISR"]
[SourceTitle "playchess.com"]
[Source "ChessBase"]
[SourceQuality "1"]
[TimeControl "40/5400+30:1800+30"]

1. d4 d5 2. c4 c6 3. Nf3 Nf6 4. Nc3 e6 5. cxd5 exd5 6. Bg5 Bf5 7. e3 Qb6 8. Qc1 {[%emt 0:04:17] D35: Queen's Gambit Declined: Exchange Variation.} (8. Bd3 $5 Bg6 9. Rb1 $14) 8... Nbd7 9. Be2 Bd6 10. O-O Qc7 11. Bh4 (11. Bf4 $142) 11... Ne4 $11 {[%emt 0:02:54] [#]} 12. a3 $146 ({Predecessor:} 12. b4 Rc8 13. Qb2 O-O 14. Rfc1 Qb6 15. a3 Nxc3 16. Qxc3 Rfe8 17. Bd3 Be4 18. Nd2 {0-1 Atea,S (2299)-Ragheb,M (2287) EGY-chT 0708 2007 (2)}) 12... O-O 13. Bg3 Nxg3 14. hxg3 Nf6 15. Nh4 Bd7 16. Qc2 Rfe8 17. Bd3 g6 18. Rac1 a6 {[%emt 0:02:04] Against Nb5} 19. Nf3 Re7 20. Rfe1 Rae8 21. b4 Qb8 22. e4 dxe4 23. Nxe4 Nxe4 24. Rxe4 Rxe4 25. Bxe4 Qa7 26. Rd1 a5 27. Ne5 Be6 (27... Bxe5 28. dxe5 Bg4 29. Bf3 $11) 28. Qc3 axb4 (28... Rd8 {seems wilder.} 29. d5 axb4 30. axb4 cxd5 31. Bxd5 Qa4) 29. axb4 Ra8 30. Nd3 Qa2 31. Nc5 Bxc5 32. dxc5 Qe2 33. Rd4 Qa6 34. Qd2 Qa1+ 35. Kh2 Kg7 36. b5 Ra2 37. Qe3 {[%emt 0:01:29][%cal Oe4c6] Bxc6! would be deadly.} Qf1 38. bxc6 Ra1 (38... Rxf2 $2 39. cxb7 $18) (38... bxc6 $11 39. Rd2 (39. Bxc6 Qxf2 40. Qe5+ Qf6 $15) 39... Qc1 40. Rxa2 {[%mdl 64] Discovered Attack} Qxe3 41. fxe3 Bxa2) 39. g4 $1 $16 bxc6 (39... Bxg4 $2 40. cxb7 Qb5 41. Bf3 $18) (39... Re1 40. Qf4 h5 41. g5 (41. cxb7 h4 $18) 41... Qg1+ 42. Kg3 Rxe4 43. Qxe4 $18) 40. Bxc6 (40. Rd6 $1 $16 Bxg4 41. Bxc6 (41. Kg3 Be6 $14)) 40... Re1 41. Qf4 {[%emt 0:08:07] Strongly threatening g5. Active counter play!} h6 {[%emt 0:07:22][%mdl 8192] [#]} (41... Qh1+ $16 42. Kg3 h5) 42. Re4 $2 (42. Kg3 g5 43. Qf3 Qh1 $11) (42. Be4 $1 $18 {is the precise move to win.} Rd1 43. Rb4) 42... Rc1 $2 (42... Rd1 $16 {is more resistant.}) 43. Qe5+ Kh7 {[%emt 0:00:34] [#]} 44. Qf6 {[%emt 0:10:27] White wants to mate with Rxe6.} Qd3 (44... Rxc5 $2 45. Rxe6 fxe6 46. Qe7+ Kh8 47. Qf8+ Kh7 48. Qe7+ Kh8 49. Qf8+ Kh7 50. Qf7+ Kh8 51. Qf6+ (51. Qxe6 Qxf2 52. Qe8+ Kh7 $11) 51... Kh7 52. Qe7+ $18 (52. Qxe6 Qxf2 53. Qe7+ Kh8 $11)) 45. Rd4 $2 ({Less strong is} 45. Rxe6 fxe6 46. Qxe6 Qd8 47. Qf7+ Kh8 $16) (45. Re5 $18 {Be4 is the strong threat.} Qc3 46. Be4) 45... Qc3 $14 (45... Qf1 {gets mated.} 46. Rd8 Qg1+ 47. Kg3) 46. Be4 $36 {[%emt 0:01:35][%mdl 2048] White has the initiative.} Qa1 $1 (46... Qxc5 $2 47. Rd8 Qc7+ 48. f4 $18) (46... Rd1 $2 47. Bxg6+ Kg8 48. Rd8+ Rxd8 49. Qxc3 $18) 47. g5 {[%emt 0:03:04][%cal Oe4g6] Threatening mate with Bxg6+! The board is on fire.} hxg5 {[%emt 0:02:04] White must now prevent ...Rh1+. The position is equal.} (47... Rxc5 {leads to mate.} 48. Bxg6+ fxg6 49. Qe7+ Kh8 50. Qf8+ Kh7 51. Qxh6+ Kg8 52. Rd8+ Kf7 53. Qf8#) 48. Bxg6+ fxg6 49. Qe7+ Kh6 50. Qf8+ Kh7 {[%emt 0:00:05] ( -> ...Rh1+)} 51. Qe7+ Kh6 {[%emt 0:00:07] Weighted Error Value: White=0.29 (precise) /Black=0.26 (precise)} 1/2-1/2

[Event "Israel National League 2024"]
[Site "Israel"]
[Date "2024.01.19"]
[Round "3.22"]
[White "Mesropov, Konstantin"]
[Black "Ben-Menachem, Itzhak"]
[Result "1/2-1/2"]
[ECO "D12"]
[WhiteElo "2440"]
[BlackElo "2266"]
[Annotator "RC"]
[PlyCount "229"]
[EventDate "2024.01.07"]
[EventType "team-tourn"]
[EventCountry "ISR"]
[SourceTitle "playchess.com"]
[Source "ChessBase"]
[SourceQuality "1"]
[TimeControl "40/5400+30:1800+30"]

1. d4 d5 2. c4 c6 3. Nf3 Nf6 4. e3 Bf5 5. Nc3 e6 6. Nh4 Bg6 7. Nxg6 hxg6 8. Bd3 Nbd7 9. Bd2 Be7 10. Qe2 Qc7 11. h3 O-O 12. Rc1 Rfe8 13. O-O Rad8 14. Rfd1 dxc4 15. Bxc4 e5 16. d5 e4 17. dxc6 bxc6 18. Nb5 Qb6 19. Nd4 Ne5 20. Bc3 Bb4 21. Bxb4 Qxb4 22. a3 Qb6 23. b4 a5 24. Qe1 axb4 25. Qxb4 Qxb4 26. axb4 Rb8 27. Bf1 Rxb4 28. Nxc6 Nxc6 29. Rxc6 Rb7 30. Ba6 Rd7 31. Rxd7 Nxd7 32. Rc4 Nf6 33. g4 Re5 34. Rc7 Ne8 35. Rd7 Kf8 36. Kg2 g5 37. Bc4 Re7 38. Rd8 Re5 39. Rb8 f6 40. Kg3 Ke7 41. Rb7+ Kd6 42. Bb3 Re7 43. Rb4 Kc5 44. Rc4+ Kb5 45. Rd4 Kc5 46. Bg8 Nd6 47. Bh7 Kc6 48. Bg6 Re5 49. Ra4 Re7 50. h4 gxh4+ 51. Kxh4 Kd5 52. Kg3 Rb7 53. Bh7 g5 54. Bg8+ Ke5 55. Ra5+ Rb5 56. Ra8 Rb1 57. Kg2 Rb2 58. Bh7 Rb7 59. Bg6 Rb2 60. Rd8 Rb7 61. Ra8 Rb2 62. Ra1 Rb7 63. Kg3 Rb5 64. Rd1 Rd5 65. Rc1 Rb5 66. Bh7 Rb8 67. Rc7 Ke6 68. Rg7 Re8 69. Bg6 Rb8 70. Bh7 Re8 71. Bg8+ Ke5 72. Bb3 Nc8 73. Rd7 Nb6 74. Rb7 Nc8 75. Rd7 Nb6 76. Rb7 Nc8 77. Ba4 Nd6 78. Ra7 Rb8 79. Bd7 Nc4 80. Bc6 Nd2 81. Ra2 Rd8 82. Bb7 Ke6 83. Ba6 Ke5 84. Be2 Ke6 85. Ra5 Rd7 86. Kg2 Rd8 87. Ra1 Ke5 88. Bb5 Nf3 89. Bc6 Nd2 90. Ra4 Rd6 91. Ra5+ Ke6 92. Bb7 Rd8 93. Rc5 Kd6 94. Rc6+ Ke5 95. Bc8 Rd6 96. Rc7 Rd8 97. Bf5 Kd5 98. Re7 Rd6 99. Bc8 Rd8 100. Bf5 Rd6 101. Re8 Kc6 102. Bxe4+ Kd7 103. Bg6 Nc4 104. Ra8 Ke7 105. Bf5 Rd2 106. Ra7+ Ke8 107. Kg3 Nd6 108. Bg6+ Kd8 109. Kf3 Nc4 110. Bf5 Ne5+ 111. Ke4 Rxf2 112. Kd5 Rb2 113. Ra8+ Ke7 114. Ra7+ Kd8 115. Ra8+ 1/2-1/2

[Event "Israel National League 2024"]
[Site "Israel"]
[Date "2024.01.19"]
[Round "3.23"]
[White "Klar, Nir"]
[Black "Bakalchuk, Johnatan"]
[Result "0-1"]
[ECO "B34"]
[WhiteElo "2157"]
[BlackElo "2450"]
[Annotator "RC"]
[PlyCount "76"]
[EventDate "2024.01.07"]
[EventType "team-tourn"]
[EventCountry "ISR"]
[SourceTitle "playchess.com"]
[Source "ChessBase"]
[SourceQuality "1"]
[TimeControl "40/5400+30:1800+30"]

1. e4 c5 2. Nf3 g6 3. d4 cxd4 4. Nxd4 Bg7 5. Nc3 Nc6 6. Be3 Nf6 7. Nxc6 bxc6 8. e5 Ng8 9. Bd4 Qa5 10. f4 f6 11. Qd2 fxe5 12. fxe5 c5 13. Be3 Bxe5 14. Bc4 Nf6 15. O-O Ba6 16. Bf7+ Kd8 17. Rxf6 Bxf6 18. Qd5 Rb8 19. Rd1 Qc7 20. Bf4 e5 21. Ne4 exf4 22. Nxf6 Bb5 23. Ne8 Rxe8 24. Bxe8 Kc8 25. b3 Bc6 26. Qf7 Qd8 27. Rd6 Rb7 28. Qg8 Kc7 29. Qf7 Kc8 30. Rd1 Qg5 31. Bxd7+ Rxd7 32. Qg8+ Kc7 33. Rxd7+ Bxd7 34. Qa8 Bc6 35. Qxa7+ Bb7 36. Qa5+ Kc8 37. Qd2 Qe5 38. Kf2 Qd4+ 0-1

[Event "Israel National League 2024"]
[Site "Israel"]
[Date "2024.01.19"]
[Round "3.24"]
[White "Kochavi, Dana"]
[Black "Erenberg, Shlomy"]
[Result "1/2-1/2"]
[ECO "C67"]
[WhiteElo "2121"]
[BlackElo "2103"]
[Annotator "NA RC"]
[PlyCount "153"]
[EventDate "2024.01.07"]
[EventType "team-tourn"]
[EventCountry "ISR"]
[SourceTitle "playchess.com"]
[Source "ChessBase"]
[SourceQuality "1"]
[TimeControl "40/5400+30:1800+30"]

1. e4 e5 2. Nf3 Nc6 3. Bb5 Nf6 4. O-O Nxe4 5. Re1 Nd6 6. Nxe5 Be7 7. Bf1 Nxe5 8. Rxe5 O-O 9. d4 Bf6 10. Re1 Re8 11. Bf4 Rxe1 12. Qxe1 Ne8 13. Bd3 g6 14. c3 d5 15. Nd2 Ng7 16. Nf1 c6 17. Qe2 Be6 18. Ne3 Nh5 19. Bg3 Qd7 20. f4 Re8 21. Qf3 Nxg3 22. hxg3 Qd6 23. Rf1 Bd7 24. g4 Qe7 25. Re1 Bg7 26. Re2 Qd6 27. g5 h6 28. gxh6 Bxh6 29. g3 f5 30. Ng2 Bg7 31. Nh4 Rxe2 32. Qxe2 c5 33. dxc5 Qxc5+ 34. Kh2 Qd6 35. Nf3 Bf6 36. Qe3 b6 37. Bc2 Qc5 38. Nd4 Kf7 39. Bb3 Bxd4 40. cxd4 Qd6 41. Kg2 Be6 42. Kf3 Ke7 43. Qe5 Qc6 44. Qg7+ Bf7 45. Qe5+ Be6 46. Qe3 Qb5 47. Qe2 Qc6 48. Qa6 Qc7 49. Qa3+ Kf7 50. Qa4 Ke7 51. Qb4+ Kf7 52. Qc3 Qd7 53. Qe1 Qb5 54. Qe2 Qc6 55. Qa6 Qc7 56. Qf1 Qc6 57. Qh1 Kg7 58. Qd1 Kf6 59. Qc2 Qb5 60. Kf2 Qd7 61. Ba4 Qh7 62. Kg2 Qb7 63. Qe2 Qc8 64. Qc2 Qb7 65. Qc6 Qa6 66. Qb5 Qc8 67. Bb3 Qb7 68. Qe8 Qa6 69. Qf8+ Bf7 70. Qh8+ Ke7 71. Qe5+ Kf8 72. Bxd5 Bxd5+ 73. Qxd5 Qe2+ 74. Kg1 Qd1+ 75. Kh2 Qh5+ 76. Kg1 Qd1+ 77. Kg2 1/2-1/2